 Dungeon Crawl Stone Soup version 0.30-a0-304-gdc4b735fe1 (webtiles) character file.

Game seed: 3656880863964619626

2601 blackman the Thaumaturge (level 9, -2/60 HPs)
             Began as a Djinni Chaos Knight on Oct 20, 2022.
             Was a Plaything of Xom.
             Slain by a sixfirhy (3 damage)
             ... summoned by a kobold demonologist
             ... on level 8 of the Dungeon.
             The game lasted 00:32:29 (7495 turns).

blackman the Thaumaturge (Djinni Chaos Knight)      Turns: 7495, Time: 00:32:59

Health: -2/60      AC:  9    Str:  7    XL:     9   Next: 90%
Gold:   919        EV: 11    Int: 18    God:    Xom [..*...] SH:  5 Dex: 13

rFire   + + +      SeeInvis .    f - +0 whip (venom)
rCold   x . .      Faith    +    B - +2 buckler
rNeg    . . .      Spirit   .    c - +3 leather armour
rPois   ∞          Reflect  .    G - +0 helmet
rElec   .          Harm     .    t - +1 cloak {Will+}
rCorr   .          Rampage  .    (no gloves)
Will    +....                    (boots unavailable)
Stlth   +.........               a
                                   - Hermit's Pendant {Faith Invo=14 Evo=0 MP+5}
HPRegen 0.30/turn                s - +4 ring of slaying
MPRegen 0.00/turn                (no ring)

@: flying, unable to read, unable to drink
A: sickness immunity, fire resistance 3, cold vulnerability 1, float, innate
caster, HP casting, extra vitality 1, weak 2, inability to drink after injury 1,
inability to read after injury 1
a: Renounce Religion


You were on level 8 of the Dungeon.
You worshipped Xom.
You were a toy of Xom.
You visited 1 branch of the dungeon, and saw 9 of its levels.

You collected 919 gold pieces.

Inventory:

Hand Weapons
 f - a +0 whip of venom (weapon)
 v - a +0 trident of chaos
 I - the +8 short sword of Magnificence {pain, Contam Fly rElec rPois}
   (You found it on level 8 of the Dungeon)

   In the hands of one skilled in necromantic magic, it inflicts extra damage on
   living creatures.
   Your inability to study Necromancy prevents you from drawing on the full
   power of this weapon.
   rElec:     It insulates you from electricity.
   rPois:     It protects you from poison.
   Fly:       It grants you flight.
   Contam:    It causes magical contamination when unequipped.
Missiles
 h - 11 curare-tipped darts
 p - 38 poisoned darts
 r - 6 javelins
Armour
 c - a +3 leather armour (worn)
 t - a +1 cloak of willpower (worn)
 B - a +2 buckler (worn)
 G - a +0 helmet (worn)
Magical Staves
 H - a staff of death
Jewellery
 a - the Hermit's Pendant (around neck) {Faith Invo=14 Evo=0 MP+5}
   (You found it on level 4 of the Dungeon)

   [amulet of faith]

   It sets your invocations skill to 14 and your evocations skill to 0.
   It allows you to gain divine favour quickly.
   MP:        It affects your magic capacity (+5).
 s - a +4 ring of slaying (left hand)
Wands
 e - a wand of paralysis (2)
Scrolls
 d - 3 scrolls of butterflies
 j - a scroll of fear
 m - a scroll of noise
 n - a scroll of teleportation
 y - a scroll of immolation
 z - a scroll of amnesia
 A - 2 scrolls of blinking
 C - a scroll of poison
Potions
 g - 2 potions of brilliance
 i - 3 potions of curing
 k - a potion of cancellation
 l - a potion of attraction
 o - a potion of heal wounds
 q - a potion of mutation
 x - 4 potions of ambrosia {unknown}
 D - a potion of lignification {unknown}
 E - 2 potions of degeneration {unknown}
 F - a potion of berserk rage {unknown}
Miscellaneous
 b - a piece from Xom's chessboard (15/15) (quivered)


   Skills:
 - Level 3.0 Fighting
 - Level 1.0 Armour
 - Level 2.1 Dodging
 - Level 3.0 Unarmed Combat
 * Level 9.8 Spellcasting


You had 18 spell levels left.
You knew the following spells:

 Your Spells              Type           Power      Damage    Failure   Level
a - Apportation           Tloc           88%        N/A       1%          1
b - Momentum Strike       Conj/Tloc      88%        3d10      1%          2
c - Vhi's Electric Charg  Tloc/Air       88%        N/A       1%          3
d - Kindle Blastsparks    Fire/Tloc/Air  88%        2d17      1%          3
Your spell library was empty.

Dungeon Overview and Level Annotations

Branches:
Dungeon (9/15)             Temple (0/1) D:4
   Lair: D:8-11         Orc: D:9-12

Altars:
Ashenzari
Xom
Zin
The Shining One

Shops:
D:4 [

Annotations:
D:8 1 transporter, chippings's ghost, novice MfGl


Innate Abilities, Weirdness & Mutations

You are immune to sickness and miasma.
You are immune to poison.
Your flesh is almost immune to the effects of heat. (rF+++)
You are vulnerable to cold. (rC-)
You float through the air rather than walking.
You learn spells naturally, not from books.
Your magical power is your life essence.
You have superior vitality. (+4 MHP)
You are very weak. (Str -4)
You occasionally lose the ability to drink potions when taking damage.
You occasionally lose the ability to read scrolls when taking damage.


Message History

x - 4 cyan potions (gained 2)
Things that are here:
a +0 whip; a stone; a kobold corpse A kobold zombie comes into view.
A kobold zombie is nearby!
A kobold zombie is nearby!
There is an open door here.
The kobold zombie closely misses you.
You whack the kobold zombie!
The kobold zombie is almost destroyed.
The kobold zombie hits you but does no damage.
You closely miss the kobold zombie.
The kobold zombie is almost destroyed.
You block the kobold zombie's attack.
You completely miss the kobold zombie.
The kobold zombie is almost destroyed.
The kobold demonologist gestures wildly while chanting.
The kobold zombie closely misses you.
You barely miss the kobold zombie.
The kobold zombie is almost destroyed.
The kobold demonologist looks encouraged for a moment.
You hit the kobold zombie.
You destroy the kobold zombie!
You miss the sixfirhy. The sixfirhy hits you. The sixfirhy shocks you!
The sixfirhy hits you but does no damage.
You block the sixfirhy's attack. The sixfirhy hits you.
The sixfirhy shocks you!
You feel threatened and lose the ability to read scrolls!
You feel threatened and lose the ability to drink potions!
* * * LOW HITPOINT WARNING * * *
You are too injured to fight recklessly!
Unknown command.
You cannot read scrolls in your current state!
The sixfirhy hits you.
* * * LOW HITPOINT WARNING * * *
The sixfirhy shocks you!
* * * LOW HITPOINT WARNING * * *
The sixfirhy hits you.
You die...
Xom cackles wildly!

####'####'####'#..
..................
..................
..................,
..................
.......)..........,
##........########
.'........'......#
.#.......)#@.....#
,#......).#3.....#
#######......).##.....#
...........##'###K....### *
, ...........#....#.......#
, ...........#....#.......#
*, ...........#..).#.......#
...........'.()(#.....######
...........###>####...# ...,


You could see a kobold demonologist and a sixfirhy (summoned).

Vanquished Creatures
  Maurice (D:8)
  Grinder (D:5)
  A centaur (D:5)
  4 phantoms
  8 kobold brigands
  A necrophage (D:4)
  A scorpion (D:5)
  A killer bee (D:8)
  2 orc priests
  4 hounds
  2 gnoll boudas
  3 iguanas
  4 orc wizards
  4 gnolls
  4 adders
  3 shadow imps (D:8)
  A white imp (D:6)
  6 dart slugs
  33 orcs
  5 bats
  5 endoplasms
  6 goblins
  6 hobgoblins
  3 jackals (D:2)
  36 kobolds
  A quokka (D:2)
  5 ball pythons
  5 frilled lizards
  3 kobold skeletons (D:8)
  11 kobold zombies (D:8)
  3 rats
173 creatures vanquished.

Vanquished Creatures (collateral kills)
  A kobold brigand (D:8)
  8 kobolds (D:8)
9 creatures vanquished.

Vanquished Creatures (others)
  A two-headed ogre (D:8)
  2 ogres
  A phantom (D:6)
  A hound (D:6)
  A gnoll (D:3)
  3 adders
  A white imp (D:5)
  An ufetubus (D:5)
  An orc (D:8)
  23 plants (D:3)
35 creatures vanquished.

Grand Total: 217 creatures vanquished

Notes
Turn   | Place    | Note
-------+----------+-------------------------------------------
     0 | D:1      | blackman the Djinni Chaos Knight began the quest for the
                  | Orb.
     0 | D:1      | Reached XP level 1. HP: 20/20 MP: 0/0
    76 | D:1      | XOM: silly message
    83 | D:1      | Reached skill level 1 in Spellcasting
    83 | D:1      | Reached XP level 2. HP: 25/25 MP: 0/0
   360 | D:1      | XOM: silly message
   668 | D:1      | Reached XP level 3. HP: 30/30 MP: 0/0
   668 | D:1      | Learned a level 1 spell: Apportation
   851 | D:1      | Found a faded altar of an unknown god.
  1037 | D:1      | XOM: noise
  1207 | D:2      | Reached skill level 2 in Spellcasting
  1278 | D:2      | XOM: silly message
  1341 | D:2      | XOM: cloud trail
  1957 | D:2      | XOM: silly message
  2111 | D:2      | Reached XP level 4. HP: 19/35 MP: 0/0
  2143 | D:3      | XOM: summons friendly quasit
  2335 | D:2      | XOM: give mutations
  2335 | D:2      | Gained mutation: You occasionally lose the ability to drink
                  | potions when taking damage. [Xom's mischief]
  2335 | D:2      | Gained mutation: You are weak. (Str -2) [Xom's mischief]
  2335 | D:2      | Gained mutation: You are very weak. (Str -4) [Xom's
                  | mischief]
  2335 | D:2      | Gained mutation: You occasionally lose the ability to read
                  | scrolls when taking damage. [Xom's mischief]
  2354 | D:2      | Reached skill level 3 in Spellcasting
  2362 | D:3      | Reached XP level 5. HP: 28/40 MP: 0/0
  2362 | D:3      | Learned a level 2 spell: Momentum Strike
  2431 | D:3      | XOM: summons 3 hostile demons
  2680 | D:3      | XOM: 1-stop teleportation journey
  2948 | D:3      | XOM: silly message
  3074 | D:4      | XOM: chaos upgrade
  3083 | D:4      | Identified the +0 chain mail of the Blue Moon {rPois Regen+
                  | Slay+3}
  3177 | D:4      | Noticed a phantom
  3184 | D:4      | Killed a phantom
  3185 | D:4      | Reached skill level 4 in Spellcasting
  3185 | D:4      | Reached XP level 6. HP: 38/46 MP: 0/0
  3272 | D:4      | XOM: enchant monster (good)
  3307 | D:4      | Found Parchojipn's Armour Shop.
  3397 | D:4      | Found a staircase to the Ecumenical Temple.
  3440 | D:4      | Found a broken altar of Ashenzari.
  3469 | D:4      | Found the Hermit's Pendant {Faith Invo=14 Evo=0 MP+5}
  3509 | D:4      | Found a glowing silver altar of Zin.
  3547 | D:4      | Found a glowing golden altar of the Shining One.
  3788 | D:4      | XOM: cloud trail
  3814 | D:5      | XOM: noise
  3814 | D:5      | Entered Level 5 of the Dungeon
  3823 | D:5      | XOM: potion effect (haste)
  3832 | D:5      | XOM: enchant monster (good)
  3836 | D:4      | XOM: potion effect (heal wounds)
  3839 | D:4      | Reached XP level 7. HP: 50/50 MP: 0/0
  3839 | D:4      | Learned a level 3 spell: Vhi's Electric Charge
  3972 | D:5      | Reached skill level 5 in Spellcasting
  4093 | D:5      | XOM: noise
  4122 | D:5      | XOM: god gift: club {god gift}
  4195 | D:5      | XOM: confusion (+ monsters)
  4213 | D:5      | XOM: summons friendly ufetubus
  4215 | D:5      | XOM: enchant monster (good)
  4281 | D:5      | XOM: noise
  4549 | D:5      | Reached skill level 6 in Spellcasting
  4824 | D:5      | XOM: fog
  4966 | D:5      | Reached XP level 8. HP: 41/56 MP: 0/0
  5070 | D:5      | XOM: god gift: 624 gold pieces
  5131 | D:5      | XOM: confusion
  5179 | D:5      | XOM: silly message
  5983 | D:6      | Reached skill level 7 in Spellcasting
  5984 | D:6      | XOM: noise
  6000 | D:6      | XOM: summons 4 hostile shadow creatures
  6133 | D:5      | Noticed Grinder
  6135 | D:5      | XOM: confusion (+ monsters)
  6135 | D:5      | Killed Grinder
  6344 | D:6      | XOM: scenery: create altars
  6370 | D:6      | XOM: give mutation
  6370 | D:6      | Gained mutation: Your flesh is almost immune to the effects
                  | of heat. (rF+++) [Xom's grace]
  6373 | D:7      | You are sucked into a shaft and drop 2 floors!
  6376 | D:9      | XOM: god gift: staff of death
  6423 | D:9      | Noticed a hornet
  6481 | D:8      | Noticed a two-headed ogre
  6485 | D:8      | XOM: cleaving
  6493 | D:8      | Killed a two-headed ogre
  6494 | D:8      | Reached skill level 8 in Spellcasting
  6494 | D:8      | Reached XP level 9. HP: 58/60 MP: 0/0
  6494 | D:8      | Learned a level 3 spell: Kindle Blastsparks
  6506 | D:8      | XOM: polymorph something unseen -> iguana
  6780 | D:8      | Identified the +8 short sword of Magnificence {pain, Contam
                  | Fly rElec rPois}
  6786 | D:8      | Found a transporter.
  6799 | D:8      | Noticed chippings's ghost (novice MfGl)
  6821 | D:8      | XOM: scenery: 1 doors open, 1 doors close
  6851 | D:8      | Noticed a moth of wrath
  6869 | D:8      | Reached skill level 9 in Spellcasting
  6871 | D:8      | XOM: cleaving
  6872 | D:8      | Noticed Maurice
  7008 | D:8      | Noticed a kobold demonologist
  7008 | D:8      | XOM: 2-stop teleportation journey
  7167 | D:8      | XOM: stat loss: -1 Str (6/7)
  7195 | D:8      | XOM: confuse monster(s)
  7212 | D:8      | Paralysed by Maurice for 5 turns
  7213 | D:8      | Killed Maurice
  7276 | D:8      | XOM: polymorph kobold brigand -> swamp drake
  7278 | D:8      | XOM: polymorph swamp drake -> killer bee
  7281 | D:8      | XOM: potion effect (brilliance)
  7284 | D:8      | XOM: divination: magic mapping
  7355 | D:8      | XOM: cloud trail
  7445 | D:8      | XOM: silly message
  7446 | D:8      | XOM: divination: detect items
  7457 | D:8      | XOM: divination: magic mapping
  7491 | D:8      | Noticed a sixfirhy
  7495 | D:8      | HP: 1/60 [sixfirhy[a kobold demonologist] (9)]
  7495 | D:8      | Slain by a sixfirhy

Illustrated notes

Levels and vault maps discovered:
D:1:      shiori_arrival_maze, layout_basic, basic_ecumenical_altar,
          minmay_misc_feat_room
D:2:      layout_basic, grunt_ministairs_7, minmay_crystal_room
D:3:      layout_rooms, nicolae_grassy_gnolls
D:4:      layout_cave_pools, lemuel_doored_altar, tso_oasis_becter,
          mainiacjoe_overflow_boulevard, minmay_temple_entry_statues_fountains,
          serial_shops, nicolae_shop_statue_plus
D:5:      cheibrodos_thug_alley, layout_loops_ring, serial_rivers,
          chequers_serial_rivers_marsh, chequers_serial_rivers_small_3,
          chequers_serial_rivers_large_b, chequers_serial_rivers_micro_c,
          chequers_serial_rivers_small_3, chequers_serial_rivers_micro_e,
          wad_rectangle_vault, uniq_grinder
D:6:      layout_loops_cross
D:7:      layout_gridville, serial_shops, kennysheep_mini_moat, uniq_menkaure
D:8:      wander_kiku_kobolds, layout_gridville,
          gammafunk_ghost_berserking_beasts, uniq_maurice
D:9:      layout_loops_corners, mainiacjoe_overflow_alcove_3, hiddenorc1_lemuel

Skill      XL: |  1  2  3  4  5  6  7  8  9 |
---------------+----------------------------+-----
Spellcasting   | 1 2 3 4 6 8 9 |  9.8
Fighting       | |  3.0
Armour         | |  1.0
Dodging        | |  2.1
Unarmed Combat | |  3.0

Action                   |  1- 3 |  4- 6 |  7- 9 || total
-------------------------+-------+-------+-------++-------
Melee: Whip              |   132 |   112 |   285 ||   529
       Unarmed           |     3 |       |       ||     3
       Trident           |       |    49 |     1 ||    50
Throw: Dart              |       |       |     4 ||     4
 Cast: Apportation       |     7 |     2 |       ||     9
       Momentum Strike   |       |     6 |    21 ||    27
       Vhi's Electric Ch |       |       |    22 ||    22
       Kindle Blastspark |       |       |    29 ||    29
Evoke: Piece from Xom's  |       |     4 |       ||     4
  Use: Scroll            |     3 |     2 |    14 ||    19
       Potion            |       |       |     3 ||     3
 Stab: Distracted        |       |     1 |       ||     1
Armor: Leather armour    |    57 |    74 |   126 ||   257
Dodge: Dodged            |    68 |   108 |   156 ||   332
Block: Buckler           |     8 |    35 |    83 ||   126

Table legend: (Time is in decaauts)
 A = Elapsed time spent in this place.
 B = Non-inter-level travel time spent in this place.
 C = Inter-level travel time spent in this place.
 D = Time resting spent in this place.
 E = Time spent auto-exploring this place.
 F = Levels seen in this place.
 G = Mean time per level.
                   A        B        C        D        E       F      G
               +--------+--------+--------+--------+--------+-----+--------+
         Total |   7575 |   7329 |    246 |    818 |   4765 |   9 |  841.7 |
       Dungeon |   7575 |   7329 |    246 |    818 |   4765 |   9 |  841.7 |
               +--------+--------+--------+--------+--------+-----+--------+

Top non-repeatable levels by time:
     D:5: 1502 daAuts
     D:2: 1190 daAuts
     D:1: 1143 daAuts
     D:6: 957 daAuts
     D:8: 939 daAuts
     D:4: 878 daAuts
     D:3: 763 daAuts
     D:9: 200 daAuts
